Map: Chantier naval orbital

Players

zuka - Winner!

  • Race: Protoss Protoss
  • League: Master

llllllllllll

  • Race: Zerg Zerg
  • League: Grandmaster

VOD

Have the link to the VOD?

Description

Time

  • Played on: Jan. 30, 2016, 7:15 a.m.
  • Length: 10:11
Show
View Real Time Build Order
Export as new Build Order

zuka Protoss - Winner!

Build Orders: Nexus First 

Get SALT Encoding   

  12  0:01  Probe (Chrono Boost)  
  13  0:12  Probe (Chrono Boost)  
  14  0:19  Pylon  
  14  0:22  Probe (Chrono Boost)  
  15  0:37  Probe (Chrono Boost)  
  16  0:47  Probe (Chrono Boost)  
  17  1:00  Nexus  
  17  1:16  Gateway  
  17  1:24  Assimilator  
  17  1:26  Probe (Chrono Boost)  
  17  1:30  Assimilator  
  18  1:36  Probe (Chrono Boost)  
  19  1:41  Gateway  
  20  1:47  Probe (Chrono Boost)  
  20  1:56  Pylon  
  20  1:57  Probe (Chrono Boost)  
  21  2:08  Probe (Chrono Boost)  
  22  2:11  Cybernetics Core  
  22  2:17  Probe (Chrono Boost)  
  22  2:18  Probe (Chrono Boost)  
  24  2:28  Probe (Chrono Boost)  
  24  2:29  Probe (Chrono Boost)  
  26  2:38  Probe (Chrono Boost)  
  26  2:39  Probe (Chrono Boost)  
  28  2:47  Adept x2 (Chrono Boost)  
  28  2:48  Probe  
  28  2:50  Warp Gate  
  33  2:52  Probe  
  34  3:03  Stargate  
  35  3:05  Probe (Chrono Boost)  
  35  3:10  Probe (Chrono Boost)  
  36  3:18  Mothership Core (Chrono Boost)  
  36  3:19  Adept x2  
  42  3:22  Probe (Chrono Boost)  
  43  3:30  Pylon  
  43  3:32  Probe (Chrono Boost)  
  44  3:36  Probe (Chrono Boost)  
  44  3:41  Assimilator  
  45  3:43  Probe (Chrono Boost)  
  46  3:48  Assimilator  
  46  3:49  Probe (Chrono Boost)  
  47  4:00  Probe x2 (Chrono Boost)  
  47  4:02  Adept x2  
  51  4:05  Oracle (Chrono Boost)  
  52  4:10  Probe  
  52  4:12  Probe  
  52  4:15  Pylon  
  54  4:19  Pylon  
  54  4:31  Probe, Forge  
  54  4:33  Probe  
  54  4:37  Void Ray (Chrono Boost)  
  60  4:42  Probe  
  60  4:45  Probe  
  62  4:52  Nexus, Probe  
  62  4:53  Pylon  
  62  4:57  Probe  
  64  5:03  Probe  
  64  5:04  Protoss Ground Weapons Level 1 (Chrono Boost)  
  64  5:06  Adept x2  
  69  5:09  Probe  
  70  5:22  Probe  
  70  5:23  Probe  
  72  5:30  Robotics Facility  
  72  5:33  Twilight Council  
  72  5:34  Robotics Facility, Probe  
  73  5:35  Probe  
  74  5:43  Adept  
  74  5:44  Probe  
  74  5:47  Probe  
  78  5:50  Pylon  
  78  5:59  Gateway  
  78  6:00  Gateway  
  78  6:02  Probe  
  78  6:03  Probe  
  80  6:05  Gateway  
  80  6:06  Adept  
  80  6:09  Charge (Chrono Boost)  
  82  6:12  Probe  
  79  6:33  Probe  
  79  6:35  Probe x2  
  79  6:36  Immortal (Chrono Boost)  
  79  6:37  Immortal (Chrono Boost)  
  84  6:44  Probe  
  84  6:47  Probe x2  
  83  6:49  Protoss Ground Weapons Level 2 (Chrono Boost)  
  83  6:52  Gateway  
  83  6:53  Gateway, Phoenix  
  85  6:54  Probe  
  85  6:59  Probe, Zealot  
  85  7:00  Zealot x3  
  96  7:04  Assimilator  
  96  7:08  Templar Archives  
  95  7:09  Assimilator  
  95  7:29  Zealot x4  
  100  7:35  Pylon  
  100  7:36  Pylon  
  100  7:37  Pylon  
  100  7:39  Pylon  
  100  7:53  Immortal x2 (Chrono Boost)  
  100  7:55  Gateway, Zealot x3  
  100  7:56  Gateway, Zealot  
  116  8:03  Zealot  
  116  8:04  Zealot  
  120  8:11  Gateway  
  120  8:13  Gateway  
  120  8:15  Gateway  
  120  8:18  High Templar  
  120  8:19  High Templar x3  
  128  8:21  Zealot  
  128  8:25  Pylon  
  128  8:26  Pylon  
  130  8:27  Pylon  
  130  8:28  Archon x2, Pylon  
  130  8:32  Warp Prism, Observer  
  133  8:43  Zealot x2  
  133  8:44  Zealot  
  139  8:50  Gateway  
  139  8:51  Gateway  
  139  8:56  High Templar x2  
  139  8:57  High Templar x2  
  139  8:58  High Templar x2  
  151  9:04  Archon x3  
  151  9:10  Nexus  
  151  9:12  Pylon  
  151  9:13  Immortal  
  150  9:19  Immortal  
  158  9:30  Zealot x3  
  158  9:31  Zealot x4  
  166  9:50  Zealot x3  
  166  9:51  Zealot x4  
  166  9:52  Zealot  
Show
View Real Time Build Order
Export as new Build Order

llllllllllll Zerg 

Build Orders: Hatch First 

Get SALT Encoding   

  12  0:00  Drone  
  13  0:10  Drone  
  14  0:21  Extractor x2  
  14  0:22  Drone x2  
  16  0:43  Hatchery  
  16  0:48  Overlord  
  15  1:03  Spawning Pool  
  14  1:20  Drone x3  
  17  1:31  Drone  
  18  1:34  Extractor  
  17  1:42  Drone  
  18  1:53  Hatchery  
  17  1:56  Drone x2  
  19  2:03  Drone  
  20  2:18  Queen  
  20  2:19  Queen  
  24  2:23  Drone  
  24  2:28  Overlord  
  25  2:32  Drone  
  26  2:38  Metabolic Boost  
  26  2:41  Drone  
  26  2:43  Drone  
  28  2:47  Drone  
  28  2:49  Drone  
  30  2:56  Drone  
  30  2:57  Drone  
  32  3:01  Drone x2  
  32  3:05  Overlord  
  34  3:24  Queen  
  34  3:25  Queen x2  
  40  3:35  Drone x2  
  40  3:36  Zergling x8  
  40  3:38  Zergling x2  
  40  3:40  Zergling x2  
  47  4:01  Drone x3  
  47  4:02  Drone  
  49  4:14  Pneumatized Carapace  
  49  4:22  Extractor  
  48  4:25  Evolution Chamber x2  
  48  4:30  Overlord x2, Drone x3  
  48  4:31  Overlord x2  
  49  4:36  Hatchery  
  48  4:38  Drone  
  49  4:52  Zerg Ground Armor Level 1  
  49  4:54  Drone, Zerg Melee Weapons Level 1  
  49  4:55  Drone x4  
  49  4:56  Drone  
  49  4:59  Drone  
  56  5:00  Drone  
  56  5:02  Drone  
  58  5:09  Drone x3  
  60  5:17  Drone x4  
  60  5:18  Drone  
  63  5:25  Queen  
  65  5:30  Drone  
  65  5:31  Drone  
  65  5:35  Spore Crawler  
  66  5:36  Spore Crawler, Drone  
  66  5:38  Spore Crawler, Extractor  
  66  5:41  Spore Crawler  
  64  5:42  Drone  
  64  5:43  Drone  
  64  5:45  Drone  
  64  5:46  Drone  
  64  5:47  Drone  
  68  5:52  Drone x4  
  68  5:53  Drone  
  73  6:04  Zergling x8  
  73  6:05  Zergling x4  
  73  6:08  Overlord  
  73  6:10  Overlord  
  79  6:24  Queen  
  79  6:30  Drone x3  
  79  6:31  Drone x5  
  77  6:40  Drone x4  
  77  6:41  Drone x2  
  77  6:44  Spore Crawler x2  
  80  6:49  Lair  
  80  6:54  Hatchery  
  79  7:06  Overlord x2  
  79  7:07  Overlord x2, Roach Warren, Extractor  
  79  7:08  Extractor  
  76  7:10  Zergling x2  
  76  7:11  Zergling x14  
  84  7:23  Zerg Missile Weapons Level 1  
  84  7:38  Zergling x2  
  84  7:39  Zergling x30  
  100  7:51  Glial Reconstitution  
  100  7:52  Zerg Ground Armor Level 2  
  100  8:07  Infestation Pit  
  100  8:10  Hydralisk Den  
  100  8:11  Extractor  
  97  8:16  Drone x3  
  97  8:17  Drone x7  
  97  8:18  Drone x6  
  113  8:28  Roach x10  
  113  8:30  Overlord x3  
  133  8:38  Extractor  
  133  8:40  Muscular Augments  
  132  8:43  Overlord x2  
  132  8:44  Overlord x3  
  132  8:45  Hive  
  132  9:07  Ravager x10  
  132  9:09  Zergling x16  
  155  9:10  Zergling x28  
  155  9:15  Zergling x4  
  155  9:16  Zergling x10  
  170  9:26  Zergling x2  
  170  9:27  Zergling x12  
  151  9:46  Zergling x8  
  151  9:47  Zergling x26  
Tags
 
Add a new tag
Caveats
  • Supply blocks, unpowered buildings, or Contaminate may cause inaccurate times.
  • Supply counts are checked every 10 seconds.